 Dungeon Crawl Stone Soup version 0.30.1-9-gdf580d7c3d (webtiles) character file.

Game seed: 10784081358420994749

81 lonewolfV2 the Covered (level 4, -2/35 HPs)
             Began as a Demonspawn Fighter on Oct 26, 2023.
             Frozen to death by an endoplasm (4 damage)
             ... on level 2 of the Dungeon.
             The game lasted 00:02:16 (1133 turns).

lonewolfV2 the Covered (Demonspawn Fighter)         Turns: 1133, Time: 00:02:16

Health: -2/35      AC:  6    Str: 18    XL:     4   Next: 20%
Magic:  5/5        EV: 10    Int: 10    God:
Gold:   97         SH:  4    Dex: 12    Spells: 3/3 levels left

rFire   . . .        a - +0 war axe
rCold   . . .        c - +0 buckler
rNeg    . . .        b - +0 scale mail
rPois   .            (no helmet)
rElec   .            (no cloak)
rCorr   .            (no gloves)
SInv    .            (no boots)
Will    .....        (no amulet) Stlth
                     (no ring)
HPRegen 0.25/turn    (no ring)
MPRegen 0.09/turn

%: no passive effects
@: no status effects
A: claws 1, demonic guardian 1
a: no special abilities


You were on level 2 of the Dungeon.
You visited 1 branch of the dungeon, and saw 2 of its levels.

You collected 97 gold pieces.

Inventory:

Hand Weapons
 a - a +0 war axe (weapon)
Armour
 b - a +0 scale mail (worn)
 c - a +0 buckler (worn)
 i - a +0 pair of gloves
Scrolls
 e - a scroll of teleportation
 f - a scroll of vulnerability {unknown}
 g - a scroll of magic mapping
Potions
 d - a potion of might
 h - 3 potions of curing
 j - a potion of flight
 k - a potion of haste


   Skills:
 - Level 3.0 Fighting
 - Level 1.7 Axes
 + Level 3.2 Armour
 * Level 2.4 Dodging
 - Level 2.6 Shields
 + Level 2.3 Invocations


You had 3 spell levels left.
You didn't know any spells.
Your spell library was empty.

Dungeon Overview and Level Annotations

Branches:
Dungeon (2/15)

Altars:


Innate Abilities, Weirdness & Mutations

You have sharp fingernails.
A weak demonic guardian rushes to your aid.


Message History

You are frozen.
The endoplasm freezes you.
You are frozen.
The endoplasm closely misses you.
The endoplasm hits you but does no damage.
The endoplasm freezes you.
You are frozen.
The endoplasm hits you but does no damage.
You block the endoplasm's attack. The endoplasm freezes you.
You are frozen.
The endoplasm freezes you.
You are frozen.
You block the endoplasm's attack.
The endoplasm hits you but does no damage.
The endoplasm completely misses you. The endoplasm closely misses you.
You block the endoplasm's attack. The endoplasm freezes you.
You are frozen.
The endoplasm freezes you.
You are frozen.
The endoplasm freezes you.
You are frozen.
The endoplasm freezes you.
You are frozen.
* * * LOW HITPOINT WARNING * * *
The endoplasm freezes you.
You are frozen.
* * * LOW HITPOINT WARNING * * *
The endoplasm freezes you.
You are frozen.
* * * LOW HITPOINT WARNING * * *
A demonic guardian appears!
The endoplasm hits you.
* * * LOW HITPOINT WARNING * * *
The endoplasm hits you but does no damage.
The endoplasm freezes you.
You are frozen.
You die...

#.#
#.#.#.#
####
####.#
#.#.#.#
....
#....#
#..#..#
####
#.####
###.#.#
#.# #..#.#
########.#
#.##.#
.........#
#.##.# ##
##########
#5##.# #.
#@##.# #.
#J# .. #
#########
#.#
........#
#..
#######.#
#.. #.#
#... ###
#.# ....
.. #.#
###.. #
#.# #


You could see an endoplasm (ally target) and a friendly quasit (summoned).

Vanquished Creatures
  3 adders (D:2)
  3 dart slugs (D:1)
  2 ball pythons (D:1)
  4 endoplasms (D:2)
  3 giant cockroaches
  10 goblins
  3 hobgoblins
  4 quokkas
  3 bats
  A frilled lizard (D:1)
  4 kobolds
  3 rats
43 creatures vanquished.

Notes
Turn   | Place    | Note
-------+----------+-------------------------------------------
     0 | D:1      | lonewolfV2 the Demonspawn Fighter began the quest for the
                  | Orb.
     0 | D:1      | Reached XP level 1. HP: 18/18 MP: 1/1
    68 | D:1      | Reached skill level 1 in Dodging
    68 | D:1      | Reached skill level 1 in Invocations
    68 | D:1      | Discovered your monstrous ancestry.
    68 | D:1      | Gained mutation: You have sharp fingernails. [demonic
                  | ancestry]
    68 | D:1      | Reached XP level 2. HP: 22/24 MP: 2/2
   337 | D:1      | Reached XP level 3. HP: 29/29 MP: 4/4
  1039 | D:2      | Gained mutation: A weak demonic guardian rushes to your
                  | aid. [demonic ancestry]
  1039 | D:2      | Reached XP level 4. HP: 29/35 MP: 5/5
  1133 | D:2      | Frozen to death by an endoplasm

Illustrated notes

Levels and vault maps discovered:
D:1:      amcnicky_arrival_abandoned_market, layout_rooms
D:2:      layout_loops_ring

Skill      XL: |  1  2  3 |
---------------+----------+-----
Dodging        | 1 2 |  2.4
Invocations    | 1 2 |  2.3
Armour         | 3 |  3.2
Fighting       | |  3.0
Axes           | |  1.7
Shields        | |  2.6

Action                     |  1- 3 |  4- 6 || total
---------------------------+-------+-------++-------
  Melee: War axe           |    96 |    15 ||   111
    Use: Scroll            |     6 |       ||     6
 Armour: Scale mail        |    46 |    19 ||    65
  Dodge: Dodged            |    59 |    12 ||    71
  Block: Buckler           |    27 |     5 ||    32
